 Dungeon Crawl Stone Soup version 0.31-a0-986-g5e6e4ef867 (webtiles) character file.

Game seed: 3589737508247929617

872 FakeRyeBread the Basher (level 8, -17/53 HPs)
             Began as a Gargoyle Fighter on Nov 8, 2023.
             Was a Follower of Okawaru.
             Demolished by an ogre
             ... wielding a +0 giant club
              (23 damage)
             ... on level 5 of the Dungeon.
             The game lasted 00:11:51 (3620 turns).

FakeRyeBread the Basher (Gargoyle Fighter)          Turns: 3620, Time: 00:11:52

Health: -17/53     AC: 17    Str: 22    XL:     8   Next: 4%
Magic:  11/11      EV:  8    Int:  9    God:    Okawaru [*.....]
Gold:   226        SH:  5    Dex:  9    Spells: 7/7 levels left

rFire   . . .        a - +1 flail
rCold   . . .        c - +0 buckler
rNeg    + . .        j - +0 chain mail
rPois   ∞            (no helmet)
rElec   +            (no cloak)
rCorr   .            n - +0 pair of gloves
SInv    .            (no boots)
Will    .....        (no amulet) Stlth
                     (no ring)
HPRegen 0.28/turn    (no ring)
MPRegen 0.12/turn

%: no passive effects
@: no status effects
A: sickness immunity, AC +5, negative energy resistance 1, electricity
resistance, torment resistance 1, petrification resistance
a: Renounce Religion, Heroism


You were on level 5 of the Dungeon.
You worshipped Okawaru.
Okawaru was aware of your devotion.
You visited 2 branches of the dungeon, and saw 6 of its levels.

You collected 226 gold pieces.

Inventory:

Hand Weapons
 a - a +1 flail (weapon)
Missiles
 h - 4 boomerangs (quivered)
Armour
 c - a +0 buckler (worn)
 j - a +0 chain mail (worn)
 n - a +0 pair of gloves (worn)
Wands
 r - a wand of polymorph (6)
Scrolls
 b - a scroll of vulnerability
 e - a scroll of fog
 g - 3 scrolls of identify
 i - a scroll of enchant weapon
 k - 3 scrolls of teleportation
 q - a scroll of amnesia
Potions
 d - a potion of might
 f - a potion of resistance
 l - a potion of curing
 m - a potion of heal wounds


   Skills:
 + Level 7.3 Fighting
 * Level 8.7 Maces & Flails
 + Level 0.5 Throwing
 + Level 7.3 Armour
 + Level 7.2 Shields
 - Level 5.2 Invocations


You had 7 spell levels left.
You didn't know any spells.
Your spell library contained the following spells:

 Spells                   Type           Power      Damage    Failure   Level
 Freeze                   Ice            0%         1d3       95%         1
 Ensorcelled Hibernation  Hex/Ice        0%         N/A       98%         2
 Jinxbite                 Hex            0%         N/A       98%         2
 Frozen Ramparts          Ice            0%         1d1       100%        3
 Gell's Gravitas          Tloc           0%         N/A       100%        3
 Hailstorm                Conj/Ice       0%         3d3       100%        3
 Inner Flame              Hex/Fire       0%         N/A       100%        3
 Sigil of Binding         Hex            0%         N/A       100%        3
 Teleport Other           Tloc           0%         N/A       100%        3
 Anguish                  Hex/Necr       0%         N/A       100%        4
 Dimensional Bullseye     Hex/Tloc       0%         N/A       100%        4
 Leda's Liquefaction      Hex/Erth       0%         N/A       100%        4
 Yara's Violent Unravell  Hex/Tmut       0%         3d3       100%        5
 Dispersal                Tloc           0%         N/A       100%        6
 Enfeeble                 Hex            0%         N/A       100%        7
 Call Canine Familiar     Summ           Unusable   N/A       N/A         3

Dungeon Overview and Level Annotations

Branches:
Dungeon (5/15)             Temple (1/1) D:4

Altars:
Ashenzari
Cheibriados
Fedhas
Kikubaaqudgha
Makhleb
Nemelex Xobeh
Okawaru
Trog
Vehumet
Xom
Zin

Shops:
D:1 (


Innate Abilities, Weirdness & Mutations

You are immune to sickness and miasma.
Your stone body is resilient. (AC +5)
You are immune to poison.
You resist negative energy. (rN+)
You are resistant to electric shocks. (rElec)
You are resistant to unholy torment.
You are immune to petrification.


Message History

Found a stone staircase leading up.
There is a stone staircase leading up here.
Found a scroll of noise.
Found a smoky cyan potion.
Found a shimmering altar of Xom.
An adder comes into view.
Found 2 fizzy pink potions.
The adder hisses angrily.
You see here a scroll of identify.
g - 3 scrolls of identify (gained 1)
An ogre comes into view. It is wielding a +0 giant club.
You miss the adder. You block the adder's attack.
You miss the adder. The adder bites you but does no damage.
You block the adder's attack.
You closely miss the adder. The adder bites you but does no damage.
You miss the adder. The adder closely misses you.
You sock the adder!
You kill the adder!
Okawaru accepts your kill.
The ogre hits you with a +0 giant club!!
You see here an adder corpse.
You barely miss the ogre. You hit the ogre but do no damage.
The ogre hits you but does no damage.
You hit the ogre but do no damage. You block the ogre's attack.
You barely miss the ogre. You thump the ogre!
The ogre is heavily wounded.
The ogre barely misses you.
You completely miss the ogre.
The ogre is heavily wounded.
You block the ogre's attack.
You barely miss the ogre.
The ogre is heavily wounded.
You hit the ogre.
The ogre is heavily wounded.
The ogre hits you with a +0 giant club!!
* * * LOW HITPOINT WARNING * * *
You hit the ogre.
The ogre is severely wounded.
The ogre hits you with a +0 giant club!!
You die...

#....P.?......# #
#.......≈≈≈≈O.. .
#.......≈.....# #
#.......≈._.... #
#.......≈....#!..#####
#.....................
#.###.###.#.#.# #####
#....O# ...# . .#..<.
#####@# ##... #.....
#.# ### #.#.### #.# #.
#. # #.# ### # # #.#
#.. #.# #.# #.# #.#
#.# ... ###.###.# #.#
#.##. #.....#.# #.#
#.##.


You could see an ogre.

Vanquished Creatures
  Sigmund (D:2)
  Edmund (D:3)
  A scorpion (D:4)
  An orc priest (D:3)
  Terence (D:2)
  2 iguanas
  4 gnolls (D:4)
  4 adders
  A worm (D:2)
  2 dart slugs
  5 orcs
  6 ball pythons
  6 endoplasms
  6 giant cockroaches
  2 goblins (D:1)
  3 hobgoblins
  4 jackals (D:1)
  3 quokkas
  4 bats
  2 frilled lizards
  4 kobolds
  7 rats
70 creatures vanquished.

Notes
Turn   | Place    | Note
-------+----------+-------------------------------------------
     0 | D:1      | FakeRyeBread the Gargoyle Fighter began the quest for the
                  | Orb.
     0 | D:1      | Reached XP level 1. HP: 14/14 MP: 1/1
    26 | D:1      | Found Ruisun's Weapon Emporium.
   227 | D:1      | Reached XP level 2. HP: 19/19 MP: 2/2
   584 | D:1      | Reached XP level 3. HP: 23/23 MP: 3/3
   644 | D:1      | You fall into a shaft and drop 1 floor!
   645 | D:2      | Noticed Terence
   649 | D:2      | Noticed Sigmund
  1105 | D:1      | Reached skill level 3 in Maces & Flails
  1361 | D:2      | Reached XP level 4. HP: 28/29 MP: 4/4
  1406 | D:2      | Killed Terence
  1626 | D:2      | Killed Sigmund
  1627 | D:2      | Reached skill level 4 in Maces & Flails
  1627 | D:2      | Reached XP level 5. HP: 23/34 MP: 5/5
  1627 | D:2      | Reached XP level 6. HP: 26/39 MP: 6/6
  2450 | D:4      | Found a staircase to the Ecumenical Temple.
  2460 | Temple   | Entered the Ecumenical Temple
  2481 | Temple   | Became a worshipper of Warmaster Okawaru
  2767 | D:3      | Reached skill level 8 in Maces & Flails
  2767 | D:3      | Reached skill level 5 in Invocations
  2767 | D:3      | Reached XP level 7. HP: 39/48 MP: 6/10
  2958 | D:4      | Noticed Edmund
  2972 | D:3      | Killed Edmund
  2972 | D:3      | Reached * piety under Okawaru
  3431 | D:5      | Entered Level 5 of the Dungeon
  3551 | D:5      | Reached XP level 8. HP: 53/53 MP: 11/11
  3595 | D:5      | Found a shimmering altar of Xom.
  3620 | D:5      | Demolished by an ogre

Illustrated notes

Levels and vault maps discovered:
D:1:      lightli_arrival_flooded_house, layout_loops_corners, serial_shops,
          shop, hangedman_decor_diamond_cutter, amethyst_killhole,
          minmay_misc_feat_roman
D:2:      layout_rooms, uniq_sigmund, uniq_terence
D:3:      layout_loops_ring, kennysheep_generic_room_9
D:4:      layout_rooms, minmay_temple_entry_crystal_x, uniq_edmund
D:5:      layout_loops_ring, mainiacjoe_overflow_chevrons, serial_shops,
          nicolae_diamond_shop
Temple:   eino_wide_crystal_templ

Skill      XL: |  1  2  3  4  5  6 |
---------------+-------------------+-----
Maces & Flails | 3 4 8 |  8.7
Fighting       | 4 7 |  7.3
Armour         | 4 7 |  7.3
Shields        | 4 7 |  7.2
Invocations    | 5 |  5.2
Throwing       | |  0.5

Action                     |  1- 3 |  4- 6 |  7- 9 || total
---------------------------+-------+-------+-------++-------
  Melee: Flail             |   119 |    92 |    54 ||   265
  Throw: Boomerang         |     8 |     4 |       ||    12
    Use: Scroll            |     6 |     7 |       ||    13
         Potion            |       |     4 |     2 ||     6
 Armour: Scale mail        |   173 |    61 |    20 ||   254
         Chain mail        |       |       |    17 ||    17
  Dodge: Dodged            |    93 |    43 |    13 ||   149
  Block: Buckler           |    57 |    11 |    10 ||    78

Table legend: (Time is in decaauts)
 A = Elapsed time spent in this place.
 B = Non-inter-level travel time spent in this place.
 C = Inter-level travel time spent in this place.
 D = Time resting spent in this place.
 E = Time spent auto-exploring this place.
 F = Levels seen in this place.
 G = Mean time per level.
                   A        B        C        D        E       F      G
               +--------+--------+--------+--------+--------+-----+--------+
         Total |   3687 |   3218 |    469 |    325 |   2013 |   6 |  614.5 |
       Dungeon |   3652 |   3202 |    450 |    325 |   2013 |   5 |  730.4 |
        Temple |     35 |     16 |     19 |      0 |      0 |   1 |   35.0 |
               +--------+--------+--------+--------+--------+-----+--------+

Top non-repeatable levels by time:
     D:1: 1236 daAuts
     D:3: 927 daAuts
     D:2: 661 daAuts
     D:4: 640 daAuts
     D:5: 187 daAuts
  Temple: 35 daAuts
